 Dungeon Crawl Stone Soup version 0.26-a0-23-g3ae7099 (webtiles) character file.

Game seed: 12331755889898866132, levelgen mode: deterministic

316 thirtiethelement the Skirmisher (level 6, -5/53 HPs)
             Began as a Gnoll Abyssal Knight on May 27, 2020.
             Was a Believer of Lugonu.
             Killed by divine providence
             ... invoked by an orc priest
              (12 damage)
             ... on level 3 of the Dungeon.
             The game lasted 00:06:55 (2630 turns).

thirtiethelement the Skirmisher (GnAK)              Turns: 2630, Time: 00:06:57

Health: -5/53      AC:  8    Str: 16    XL:     6   Next: 44%
Magic:  9/9        EV: 13    Int: 15    God:    Lugonu [**....]
Gold:   96         SH:  0    Dex: 14    Spells: 8/8 levels left

rFire    . . .     SeeInvis .   a - +1 hand axe
rCold    + . .     Gourm    .   (no shield)
rNeg     . . .     Faith    .   m - +0 leather armour {rC+}
rPois    .         Spirit   .   j - +2 helmet
rElec    .         Reflect  .   (no cloak)
rCorr    .         Harm     .   l - +0 pair of gloves
MR       .....                  (no boots)
Stlth    ++........             (no amulet)
HPRegen  0.17/turn              h - ring of wizardry
MPRegen  0.11/turn              (no ring)

@: lethally poisoned (-5 -> -19), flying, hasted, very quick
A: distributed training, fangs 1, strong nose
a: Depart the Abyss, Bend Space, Renounce Religion


You were on level 3 of the Dungeon.
You worshipped Lugonu.
Lugonu was pleased with you.
You were not hungry.

You visited 1 branch of the dungeon, and saw 3 of its levels.
You visited the Abyss 1 time.

You collected 96 gold pieces.

Inventory:

Hand Weapons
 a - a +1 hand axe (weapon)
Armour
 j - a +2 helmet (worn)
 l - a +0 pair of gloves (worn)
 m - a +0 leather armour of cold resistance (worn)
Jewellery
 h - a ring of wizardry (left hand)
Scrolls
 b - a scroll of teleportation
 d - 2 scrolls of remove curse
 e - a scroll of identify
 i - 2 scrolls of enchant weapon
Comestibles
 c - 5 rations
 g - 10 chunks of flesh


   Skills:
 + Level 6.8 Fighting
 + Level 1.9 Short Blades
 + Level 1.9 Long Blades
 + Level 5.0 Axes
 + Level 1.9 Maces & Flails
 + Level 1.9 Polearms
 + Level 1.9 Staves
 + Level 1.9 Slings
 + Level 1.9 Bows
 + Level 1.9 Crossbows
 + Level 1.9 Throwing
 + Level 5.0 Armour
 + Level 3.2 Dodging
 + Level 1.9 Stealth
 + Level 1.9 Shields
 + Level 1.9 Unarmed Combat
 + Level 1.9 Spellcasting
 + Level 1.5 Conjurations
 + Level 1.5 Hexes
 + Level 1.5 Charms
 + Level 1.5 Summonings
 + Level 1.5 Necromancy
 + Level 1.5 Translocations
 + Level 1.5 Transmutations
 + Level 1.5 Fire Magic
 + Level 1.5 Ice Magic
 + Level 1.5 Air Magic
 + Level 1.5 Earth Magic
 + Level 1.5 Poison Magic
 + Level 5.0 Invocations
 + Level 1.9 Evocations


You had 8 spell levels left.
You didn't know any spells.
Your spell library was empty.

Dungeon Overview and Level Annotations

Branches:
Dungeon (3/15)

Altars:


Innate Abilities, Weirdness & Mutations

Your experience applies equally to all skills.
You have very sharp teeth.
Your uncanny sense of smell can sniff out nearby items.


Message History

The orc priest completely misses you.
Okay, then.
You hit the orc.
The orc is moderately wounded.
You closely miss the orc wizard. You hit the orc priest.
You barely miss the orc priest.
* * * LOW HITPOINT WARNING * * *
You feel sick.
The orc wizard hits you but does no damage.
You are more poisoned.
The orc priest barely misses you.
The orc priest miscasts a cantrip.
You closely miss the orc.
The orc is moderately wounded.
You hit the orc priest. x2; You hit the orc wizard.
* * * LOW HITPOINT WARNING * * *
You feel sick.
The orc priest calls down the wrath of Beogh upon you.
Beogh smites you!
You die...

*,,,,**<,,,,,,,,,,,,,* *,* *
*,*,***,...∆,,,,...#** *,*
***,*,* **#..,,,,....# *,*
,,#.#,* #...,*##...# *,*
*,#.#,*****...,*#....## *,*
,*..#,,,,,,,...*,.....# *,*
#*#..,,,,,,,##o#*....#* *,*
.#..#*******#.oo##..#* *,*
#.#.# *,,,,,#o@o.#######,*
#.#.#####.###..o##........,*
..........#....#*#.#######**
..####.####.###* #.#
<...##.# #.# #.# ###.##.#
#.# #.# # #.##.# #.# #.# #
#.##.# ##.## #.# #
#.##.###...#####.#


You could see 3 orc priests, an orc wizard (fast) and 2 orcs.

Vanquished Creatures
  An eye of draining (Abyss:1)
  An orc priest (D:3)
  An orc wizard (D:3)
  Jessica (D:2)
  5 adders
  3 oozes
  2 worms (D:2)
  4 dart slugs
  3 leopard geckos
  4 orcs (D:3)
  3 giant cockroaches
  7 goblins
  5 hobgoblins
  7 jackals (D:1)
  5 kobolds
  2 quokkas (D:2)
  8 bats
  4 frilled lizards
  8 rats
74 creatures vanquished.

Notes
Turn   | Place    | Note
-------+----------+-------------------------------------------
     0 | Abyss:1  | thirtiethelement the Gnoll Abyssal Knight began the quest
                  | for the Orb.
     0 | Abyss:1  | Reached XP level 1. HP: 23/23 MP: 3/3
    25 | Abyss:1  | Found a transporter.
    25 | Abyss:1  | Noticed an orange demon
    25 | Abyss:1  | Noticed a wretched star
    25 | Abyss:1  | Noticed a large abomination
    26 | Abyss:1  | Noticed a thrashing horror
    26 | Abyss:1  | Noticed an iron imp
    27 | Abyss:1  | Noticed a glowing shapeshifter
    27 | Abyss:1  | Noticed a glowing orange brain
    27 | Abyss:1  | a glowing shapeshifter changed into a glowing orange brain
    27 | Abyss:1  | Noticed a wretched star
    28 | Abyss:1  | Noticed a flayed ghost
    28 | Abyss:1  | Noticed a red devil
    29 | Abyss:1  | Noticed a tentacled starspawn
    29 | Abyss:1  | Found a corrupted altar of Lugonu.
    29 | Abyss:1  | Noticed a fire crab
    29 | Abyss:1  | Noticed a large abomination
    33 | Abyss:1  | Noticed a water nymph
    33 | Abyss:1  | Noticed a shining eye
    33 | Abyss:1  | a water nymph changed into a shining eye
    48 | Abyss:1  | Noticed an eye of draining
    61 | Abyss:1  | Killed an eye of draining
    61 | Abyss:1  | Reached skill level 1 in Short Blades
    61 | Abyss:1  | Reached skill level 1 in Long Blades
    61 | Abyss:1  | Reached skill level 1 in Maces & Flails
    61 | Abyss:1  | Reached skill level 1 in Polearms
    61 | Abyss:1  | Reached skill level 1 in Staves
    61 | Abyss:1  | Reached skill level 1 in Slings
    61 | Abyss:1  | Reached skill level 1 in Bows
    61 | Abyss:1  | Reached skill level 1 in Crossbows
    61 | Abyss:1  | Reached skill level 1 in Throwing
    61 | Abyss:1  | Reached skill level 1 in Stealth
    61 | Abyss:1  | Reached skill level 1 in Shields
    61 | Abyss:1  | Reached skill level 1 in Unarmed Combat
    61 | Abyss:1  | Reached skill level 1 in Spellcasting
    61 | Abyss:1  | Reached skill level 1 in Evocations
    61 | Abyss:1  | Reached XP level 2. HP: 29/29 MP: 0/5
    61 | Abyss:1  | Reached XP level 3. HP: 35/35 MP: 0/6
    61 | Abyss:1  | Reached XP level 4. HP: 41/41 MP: 0/7
    72 | Abyss:1  | Noticed a worldbinder
    75 | Abyss:1  | Noticed a wind drake
    75 | Abyss:1  | Noticed a merfolk siren
    75 | Abyss:1  | Noticed a merfolk siren
    75 | D:1      | Escaped the Abyss
   419 | D:1      | Reached * piety under Lugonu
   419 | D:1      | Reached skill level 1 in Conjurations
   419 | D:1      | Reached skill level 1 in Hexes
   419 | D:1      | Reached skill level 1 in Charms
   419 | D:1      | Reached skill level 1 in Summonings
   419 | D:1      | Reached skill level 1 in Necromancy
   419 | D:1      | Reached skill level 1 in Translocations
   419 | D:1      | Reached skill level 1 in Transmutations
   419 | D:1      | Reached skill level 1 in Fire Magic
   419 | D:1      | Reached skill level 1 in Ice Magic
   419 | D:1      | Reached skill level 1 in Air Magic
   419 | D:1      | Reached skill level 1 in Earth Magic
   419 | D:1      | Reached skill level 1 in Poison Magic
   884 | D:1      | Reached XP level 5. HP: 44/47 MP: 8/8
  1448 | D:2      | Noticed Jessica
  1465 | D:2      | Killed Jessica
  1465 | D:2      | Reached ** piety under Lugonu
  1761 | D:2      | Found a faded altar of an unknown god.
  2395 | D:3      | Reached skill level 5 in Invocations
  2395 | D:3      | Reached XP level 6. HP: 41/53 MP: 9/9
  2542 | D:3      | Reached skill level 5 in Axes
  2542 | D:3      | Reached skill level 5 in Armour
  2630 | D:3      | Killed from afar by an orc priest

Illustrated notes

Levels and vault maps discovered:
D:1:      minmay_arrival_widening_spiral_narrow, layout_basic
D:2:      layout_basic, chequers_ecumenical_altar_grove, minmay_vboxes,
          uniq_jessica
D:3:      layout_loops_ring, uniq_natasha

Skill      XL: |  1  2  3  4  5  6 |
---------------+-------------------+-----
Short Blades   | 1 |  1.9
Long Blades    | 1 |  1.9
Maces & Flails | 1 |  1.9
Polearms       | 1 |  1.9
Staves         | 1 |  1.9
Slings         | 1 |  1.9
Bows           | 1 |  1.9
Crossbows      | 1 |  1.9
Throwing       | 1 |  1.9
Stealth        | 1 |  1.9
Shields        | 1 |  1.9
Unarmed Combat | 1 |  1.9
Spellcasting   | 1 |  1.9
Evocations     | 1 |  1.9
Conjurations   | 1 |  1.5
Hexes          | 1 |  1.5
Charms         | 1 |  1.5
Summonings     | 1 |  1.5
Necromancy     | 1 |  1.5
Translocations | 1 |  1.5
Transmutations | 1 |  1.5
Fire Magic     | 1 |  1.5
Ice Magic      | 1 |  1.5
Air Magic      | 1 |  1.5
Earth Magic    | 1 |  1.5
Poison Magic   | 1 |  1.5
Dodging        | 3 |  3.2
Invocations    | 5 |  5.0
Axes           | 5 |  5.0
Armour         | 5 |  5.0
Fighting       | |  6.8

Action                   |  1- 3 |  4- 6 || total
-------------------------+-------+-------++-------
Melee: Hand axe          |    11 |   183 ||   194
       Bite              |     2 |    17 ||    19
       Punch             |       |     3 ||     3
Invok: Depart the Abyss  |       |     1 ||     1
  Use: Scroll            |       |     9 ||     9
       Potion            |       |     2 ||     2
 Stab: Sleeping          |       |     5 ||     5
  Eat: Chunk             |       |     2 ||     2
       Ration            |       |     1 ||     1
Armor: Leather armour    |       |    65 ||    65
Dodge: Dodged            |       |   155 ||   155

Table legend:
 A = Non-vault XP
 B = Vault XP
 C = Vault XP percentage of total XP
 D = Non-vault monster count
 E = Vault monster count
 F = Vault count percentage of total count
                 A         B        C        D         E       F
            +---------+---------+-------+---------+---------+-------
      Total |     394 |      58 |  12.8 |      67 |       7 |   9.5
            +---------+---------+-------+---------+---------+-------
        D:1 |      48 |       0 |   0.0 |      23 |       0 |   0.0
        D:2 |      87 |      58 |  40.0 |      29 |       7 |  19.4
        D:3 |     138 |       0 |   0.0 |      14 |       0 |   0.0
    Abyss:1 |     121 |       0 |   0.0 |       1 |       0 |   0.0
            +---------+---------+-------+---------+---------+-------
